 Dungeon Crawl Stone Soup version 0.30-a0-393-g54b8e3be05 (webtiles) character file.

Game seed: 14764581721850768367

76 rocky1 the Slasher (level 4, -1/49 HPs)
             Began as a Merfolk Gladiator on Dec 6, 2022.
             Slain by Robin
             ... wielding a +0 spear
              (4 damage)
             ... on level 2 of the Dungeon.
             The game lasted 00:04:19 (1372 turns).

rocky1 the Slasher (Merfolk Gladiator)              Turns: 1372, Time: 00:04:19

Health: -1/49      AC: 22    Str: 14    XL:     4   Next: 32%
Magic:  4/4        EV:  2    Int:  7    God:
Gold:   110        SH:  0    Dex: 17    Spells: 3/3 levels left

rFire   . . .      SeeInvis .    a - +0 long sword
rCold   . . .      Faith    .    (no shield)
rNeg    . . .      Spirit   .    (body armour currently unavailable)
rPois   +          Reflect  .    (helmet currently unavailable)
rElec   .          Harm     .    (cloak currently unavailable)
rCorr   .          Rampage  .    (gloves currently unavailable)
Will    .....      NoTele   +    (boots currently unavailable)
Stlth   ++........               (no amulet)
HPRegen 0.28/turn                (no ring)
MPRegen 0.09/turn                (no ring)

@: tree-form (expiring), attractive
A: stationary, stasis, torment immunity, boosted hp, (nimble swimmer 2),
(mertail)
a: no special abilities


You were on level 2 of the Dungeon.
You were a tree.
You visited 1 branch of the dungeon, and saw 2 of its levels.

You collected 110 gold pieces.

Inventory:

Hand Weapons
 a - a +0 long sword (weapon)
Missiles
 d - 3 throwing nets
 e - a javelin
 s - 3 boomerangs (quivered)
Armour
 b - a +0 leather armour
 c - a +0 helmet (melded)
 m - a +1 robe of cold resistance (melded)
Jewellery
 h - a ring of magical power
Scrolls
 f - 2 scrolls of identify
 k - a scroll of magic mapping
 l - a scroll of brand weapon {unknown}
 n - a scroll of blinking {unknown}
 q - a scroll of immolation {unknown}
Potions
 o - a potion of berserk rage {unknown}
 p - a potion of lignification
 r - a potion of heal wounds {unknown}


   Skills:
 - Level 2.1 Fighting
 + Level 6.1 Long Blades
 - Level 2.0 Throwing
 - Level 4.0 Dodging


You had 3 spell levels left.
You didn't know any spells.
Your spell library was empty.

Dungeon Overview and Level Annotations

Branches:
Dungeon (2/15)

Altars:

Annotations:
D:2 Robin


Innate Abilities, Weirdness & Mutations

You are a tree.
Your roots penetrate the ground, keeping you stationary.
You cannot be teleported.
You are immune to unholy pain and torment.
Your maximum health is greatly increased.
Your equipment is partially melded.
((You are very nimble when in or above water. (Stealth+, EV+, Speed+++)))
((Your lower body shifts to a powerful aquatic tail in water.))


Message History

Press: ? - help, Q - select action, (/) - cycle Shift-Dir - straight line, f/p - Robin
Aim: Robin, wielding a +0 spear, wearing a +0 animal skin and wearing a +0 helmet (heavily wounded, 69% to hit)
You throw a boomerang. The boomerang closely misses Robin.
Robin hits you but does no damage.
Throw: 3 boomerangs
Press: ? - help, Q - select action, (/) - cycle Shift-Dir - straight line, f/p - Robin
Aim: Robin, wielding a +0 spear, wearing a +0 animal skin and wearing a +0 helmet (heavily wounded, 69% to hit)
You throw a boomerang. The boomerang barely misses Robin.
Robin hits you from afar with a +0 spear.
* * * LOW HITPOINT WARNING * * *
Throw: 3 boomerangs
Press: ? - help, Q - select action, (/) - cycle Shift-Dir - straight line, f/p - Robin
Aim: Robin, wielding a +0 spear, wearing a +0 animal skin and wearing a +0 helmet (heavily wounded, 69% to hit)
You throw a boomerang. The boomerang closely misses Robin.
Robin hits you but does no damage. Robin barely misses you.
Throw: 3 boomerangs
Press: ? - help, Q - select action, (/) - cycle Shift-Dir - straight line, f/p - Robin
Aim: Robin, wielding a +0 spear, wearing a +0 animal skin and wearing a +0 helmet (heavily wounded, 69% to hit)
You throw a boomerang. The boomerang hits Robin.
Robin is heavily wounded.
Your transformation is almost over.
Robin hits you but does no damage.
Throw: 3 boomerangs
Press: ? - help, Q - select action, (/) - cycle Shift-Dir - straight line, f/p - Robin
Aim: Robin, wielding a +0 spear, wearing a +0 animal skin and wearing a +0 helmet (heavily wounded, 69% to hit)
You throw a boomerang. The boomerang hits Robin.
Robin is severely wounded.
Robin hits you but does no damage.
Throw: 3 boomerangs
Press: ? - help, Q - select action, (/) - cycle Shift-Dir - straight line, f/p - Robin
Aim: Robin, wielding a +0 spear, wearing a +0 animal skin and wearing a +0 helmet (severely wounded, 69% to hit)
You throw a boomerang. The boomerang hits Robin.
Robin is almost dead.
Robin hits you from afar with a +0 spear.
* * * LOW HITPOINT WARNING * * *
Okay, then.
It was a potion of attraction.
You feel attractive to monsters.
Robin hits you from afar with a +0 spear.
You die...

#......##.#.##.#
######.##.#....#
#.##.####### ..
#...........
....####.#######
.........# #
########..## #
#)).)......# #
#♣######.#.# #
#)# #.#.### #
g.. #.#...## #
.....
#.###..####
......# #.#
##....# ###....#
#.# ####..
.....# #.# ##.
#$...# #.# #.
#.#########


You could see Robin.

Vanquished Creatures
  Natasha (D:2)
  5 endoplasms
  A giant cockroach (D:2)
  4 hobgoblins
  2 jackals (D:2)
  4 quokkas (D:1)
  3 ball pythons
  3 bats (D:1)
  A frilled lizard (D:2)
  13 goblins
  5 kobolds
  3 rats
45 creatures vanquished.

Vanquished Creatures (others)
  3 plants (D:2)
3 creatures vanquished.

Grand Total: 48 creatures vanquished

Notes
Turn   | Place    | Note
-------+----------+-------------------------------------------
     0 | D:1      | rocky1 the Merfolk Gladiator began the quest for the Orb.
     0 | D:1      | Reached XP level 1. HP: 16/16 MP: 1/1
    82 | D:1      | Found a faded altar of an unknown god.
   107 | D:1      | Reached skill level 4 in Long Blades
   254 | D:1      | Reached XP level 2. HP: 22/22 MP: 2/2
   869 | D:2      | Reached skill level 5 in Long Blades
   869 | D:2      | Reached XP level 3. HP: 27/27 MP: 3/3
  1163 | D:2      | Noticed Natasha
  1173 | D:2      | Killed Natasha
  1174 | D:2      | Reached XP level 4. HP: 17/33 MP: 4/4
  1331 | D:2      | Noticed Robin
  1343 | D:2      | Reached skill level 6 in Long Blades
  1350 | D:2      | HP: 2/49 [frozen (5)]
  1372 | D:2      | Slain by Robin

Illustrated notes

Levels and vault maps discovered:
D:1:      lemuel_arrival_behind_the_door_large, layout_basic,
          basic_ecumenical_altar
D:2:      layout_basic, serial_bayou, serial_bayou_pond_d, serial_bayou_ford_a,
          serial_bayou_pond_a, serial_bayou_pond_b, uniq_natasha, uniq_robin

Skill      XL: |  1  2  3  4 |
---------------+-------------+-----
Long Blades    | 4 5 6 |  6.1
Fighting       | |  2.1
Throwing       | |  2.0
Dodging        | |  4.0

Action                   |  1- 3 |  4- 6 || total
-------------------------+-------+-------++-------
Melee: Long sword        |    80 |    20 ||   100
       Tailslap          |     1 |       ||     1
Throw: Boomerang         |       |    20 ||    20
  Use: Potion            |       |     4 ||     4
       Scroll            |       |     1 ||     1
 Stab: Sleeping          |     3 |       ||     3
Armor: Leather armour    |    10 |       ||    10
       Robe              |     3 |     3 ||     6
       Skin              |       |    53 ||    53
Dodge: Dodged            |    53 |    11 ||    64

Table legend: (Time is in decaauts)
 A = Elapsed time spent in this place.
 B = Non-inter-level travel time spent in this place.
 C = Inter-level travel time spent in this place.
 D = Time resting spent in this place.
 E = Time spent auto-exploring this place.
 F = Levels seen in this place.
 G = Mean time per level.
                   A        B        C        D        E       F      G
               +--------+--------+--------+--------+--------+-----+--------+
         Total |   1375 |   1323 |     52 |     96 |    880 |   2 |  687.5 |
       Dungeon |   1375 |   1323 |     52 |     96 |    880 |   2 |  687.5 |
               +--------+--------+--------+--------+--------+-----+--------+

Top non-repeatable levels by time:
     D:1: 780 daAuts
     D:2: 594 daAuts
